AoeStats
← AlmaFuerte1228

Arabia

507417803Analyzed
1v1 RM · 14d ago on Sep 18, 2026· 31m 43s· 2 players
Game mode
Random Map
Map size
Tiny (2 player)
Population
200
Speed
Normal
Resources
Standard
Victory
Conquest
Starting age
Dark Age
Ending age
Imperial Age
RankedLock teamsTeams togetherTeam positionsShared explorationLock speedFull tech treeHidden civsTurbo modeCheats
Victory
Defeat
🇦🇷 Vietnamese · Argentina
1111
+15
🇲🇽 Saracens · Mexico
1084
-15
MXTS | YISUS-07
6:45 Loom
9:43 Feudal Age
10:11 Double-Bit Axe
13:35 Horse Collar
18:09 Scale Barding Armor
21:14 Bloodlines
22:26 Fletching
24:24 Wheelbarrow
27:20 Castle Age
26:12 Gold Mining
26:34 Forging
28:32 Chain Barding Armor
28:31 Town Watch
29:41 Husbandry
31:23 Stone Mining
AlmaFuerte1228
6:23 Loom
9:30 Feudal Age
10:21 Double-Bit Axe
10:45 Horse Collar
11:43 Town Watch
15:30 Fletching
22:49 Castle Age
21:42 Bloodlines
22:38 Padded Archer Armor
23:50 Bodkin Arrow
24:08 Crossbowman
24:20 Light Cavalry
27:22 Bow Saw
31:50 Thumb Ring
Connection lost

Rejoining the realm…

Still unreachable

The connection could not be restored.

Session expired

The server has moved on; the page needs a fresh start.